Map: 2000 Atmospheres LE

Players

ForJumy

  • Race: Protoss Protoss

Hellraiser - Winner!

  • Race: Protoss Protoss

Event: DreamHack SC2 Masters 2021 Winter

VOD

Have the link to the VOD?

Description

Time

  • Played on: Oct. 9, 2021, 12:46 p.m.
  • Length: 13:49

All games in this series

Show
View Real Time Build Order
Export as new Build Order

ForJumy Protoss 

Build Orders:  

Get SALT Encoding   

  12  0:00  Probe  
  13  0:12  Probe  
  14  0:16  Pylon  
  14  0:24  Probe  
  15  0:35  Gateway  
  15  0:37  Probe (Chrono Boost)  
  16  0:46  Assimilator  
  16  0:47  Probe (Chrono Boost)  
  17  0:52  Probe (Chrono Boost)  
  18  0:58  Assimilator  
  18  1:04  Probe (Chrono Boost)  
  19  1:13  Probe (Chrono Boost)  
  19  1:14  Gateway  
  19  1:18  Probe  
  21  1:28  Cybernetics Core  
  21  1:31  Probe  
  22  1:42  Pylon  
  22  1:43  Probe  
  24  2:04  Stalker, Warp Gate  
  24  2:07  Stalker  
  28  2:10  Probe  
  28  2:13  Pylon  
  28  2:22  Pylon  
  28  2:24  Probe  
  29  2:43  Stalker  
  32  2:45  Stalker  
  32  3:06  Shield Battery  
  32  3:10  Nexus  
  31  3:17  Probe  
  30  3:33  Probe  
  31  3:39  Pylon  
  31  3:44  Twilight Council  
  31  3:46  Probe  
  30  3:58  Probe (Chrono Boost)  
  30  4:05  Sentry  
  30  4:08  Probe (Chrono Boost)  
  33  4:13  Probe (Chrono Boost)  
  34  4:23  Blink (Chrono Boost)  
  34  4:25  Probe (Chrono Boost)  
  34  4:30  Probe (Chrono Boost)  
  36  4:34  Probe (Chrono Boost)  
  36  4:38  Probe (Chrono Boost), Sentry  
  40  4:39  Probe (Chrono Boost)  
  41  4:52  Probe (Chrono Boost)  
  43  4:53  Forge  
  43  4:54  Probe (Chrono Boost)  
  43  4:59  Probe (Chrono Boost)  
  44  5:02  Probe (Chrono Boost)  
  44  5:06  Probe  
  44  5:09  Phoenix  
  44  5:13  Probe (Chrono Boost)  
  46  5:18  Probe (Chrono Boost)  
  47  5:22  Nexus  
  48  5:30  Stalker, Probe (Chrono Boost)  
  48  5:31  Probe (Chrono Boost)  
  48  5:33  Stalker  
  53  5:36  Probe (Chrono Boost)  
  53  5:38  Probe (Chrono Boost)  
  53  5:39  Protoss Ground Weapons Level 1  
  55  5:44  Pylon  
  55  5:46  Probe  
  55  5:49  Probe  
  56  5:55  Gateway  
  56  6:00  Gateway  
  56  6:02  Probe  
  57  6:08  Shield Battery  
  57  6:11  Stalker x2  
  57  6:12  Probe  
  62  6:20  Probe  
  63  6:31  Nexus  
  61  6:35  Stalker x2  
  61  6:37  Probe  
  53  6:48  Probe  
  53  6:50  Stalker  
  53  6:52  Probe  
  55  6:58  Stalker  
  55  7:00  Stalker, Probe  
  60  7:04  Probe  
  60  7:06  Stalker  
  63  7:15  Charge  
  63  7:17  Shield Battery  
  63  7:20  Adept  
  63  7:21  Adept  
  67  7:24  Probe  
  67  7:26  Pylon  
  68  7:30  Stalker  
  68  7:33  Probe (Chrono Boost)  
  70  7:43  Probe (Chrono Boost)  
  72  7:45  Probe (Chrono Boost)  
  72  7:48  Probe (Chrono Boost)  
  73  7:52  Probe (Chrono Boost)  
  73  7:53  Probe (Chrono Boost)  
  73  7:55  Nexus  
  73  7:56  Stalker x2, Probe (Chrono Boost)  
  73  7:57  Probe (Chrono Boost)  
  80  8:00  Protoss Ground Weapons Level 2 (Chrono Boost)  
  80  8:01  Pylon  
  81  8:09  Probe x2  
  83  8:17  Stalker x2  
  83  8:18  Probe  
  88  8:23  Probe  
  88  8:25  Probe  
  90  8:29  Robotics Facility  
  90  8:30  Probe  
  90  8:31  Pylon  
  91  8:35  Probe  
  91  8:37  Probe  
  93  8:42  Gateway x2  
  93  8:43  Stalker  
  93  8:44  Gateway  
  93  8:45  Gateway  
  91  8:48  Stalker x2  
  83  8:56  Stalker  
  81  9:05  Stalker  
  81  9:08  Stalker x2  
  86  9:10  Probe  
  86  9:16  Probe (Chrono Boost)  
  87  9:17  Nexus  
  87  9:19  Warp Prism  
  87  9:21  Probe (Chrono Boost)  
  87  9:24  Gateway  
  91  9:27  Probe (Chrono Boost)  
  91  9:31  Assimilator  
  92  9:32  Assimilator  
  92  9:33  Probe (Chrono Boost)  
  92  9:34  Probe (Chrono Boost)  
  92  9:37  Probe (Chrono Boost)  
  94  9:39  Probe x2 (Chrono Boost)  
  96  9:47  Probe  
  96  9:51  Stalker x2, Probe  
  96  9:52  Probe  
  103  9:57  Nexus  
  103  9:59  Probe  
  102  10:03  Probe  
  101  10:08  Assimilator  
  101  10:09  Assimilator  
  101  10:10  Zealot x4  
  109  10:14  Pylon  
  109  10:16  Pylon  
  109  10:17  Pylon  
  109  10:28  Dark Shrine, Pylon  
  109  10:29  Probe x2  
  109  10:30  Stalker x2  
  109  10:31  Probe x2  
  109  10:33  Pylon  
  117  10:41  Adept x2, Probe x2  
  123  10:44  Probe  
  123  10:54  Zealot x7  
  113  11:05  Stalker x2, Probe  
  109  11:16  Stalker x6  
  121  11:24  Stalker  
  117  11:32  Stalker x2  
  101  11:46  Probe  
  95  12:01  Stalker  
  81  12:04  Gateway  
  81  12:05  Cybernetics Core  
  69  12:24  Probe  
  69  12:25  Probe  
  69  12:36  Probe (Chrono Boost)  
  50  12:37  Probe (Chrono Boost)  
  50  12:41  Dark Shrine  
  47  12:53  Stalker  
  49  13:01  Stalker  
  46  13:18  Stalker  
  48  13:28  Zealot  
Show
View Real Time Build Order
Export as new Build Order

Hellraiser Protoss - Winner!

Build Orders: Oracle Opening 

Get SALT Encoding   

  12  0:00  Probe  
  13  0:12  Probe  
  14  0:19  Pylon  
  14  0:24  Probe (Chrono Boost)  
  15  0:37  Probe (Chrono Boost)  
  15  0:38  Gateway  
  16  0:45  Probe (Chrono Boost)  
  16  0:46  Assimilator  
  17  0:51  Probe  
  18  1:03  Probe (Chrono Boost)  
  19  1:09  Assimilator  
  19  1:10  Pylon  
  19  1:15  Probe (Chrono Boost)  
  20  1:24  Probe (Chrono Boost)  
  21  1:27  Cybernetics Core  
  21  1:29  Zealot  
  23  1:34  Probe  
  24  1:46  Probe  
  25  1:58  Probe  
  26  2:03  Adept (Chrono Boost), Stargate  
  28  2:10  Probe  
  29  2:24  Stalker (Chrono Boost)  
  29  2:25  Pylon  
  32  2:44  Probe  
  32  2:47  Oracle  
  35  2:55  Forge  
  35  2:56  Probe  
  36  3:02  Shield Battery  
  36  3:08  Probe  
  37  3:15  Pylon  
  37  3:20  Probe  
  37  3:24  Void Ray (Chrono Boost)  
  36  3:27  Nexus  
  39  3:42  Pylon  
  39  3:57  Void Ray (Chrono Boost)  
  39  4:00  Robotics Facility, Probe  
  44  4:12  Probe  
  45  4:24  Probe, Pylon  
  45  4:30  Void Ray (Chrono Boost)  
  46  4:36  Probe  
  47  4:42  Probe  
  52  4:47  Immortal  
  52  4:50  Probe  
  57  4:54  Probe  
  58  5:02  Probe  
  58  5:06  Void Ray (Chrono Boost), Probe  
  61  5:14  Probe  
  61  5:18  Assimilator, Probe  
  61  5:20  Assimilator  
  66  5:22  Pylon  
  66  5:26  Probe  
  67  5:30  Probe  
  67  5:32  Pylon  
  68  5:38  Void Ray (Chrono Boost), Probe  
  68  5:40  Immortal  
  68  5:42  Probe  
  78  5:51  Probe  
  78  5:52  Pylon  
  78  5:54  Probe  
  80  6:07  Nexus  
  80  6:10  Pylon  
  80  6:12  Probe  
  80  6:14  Probe  
  82  6:20  Stargate  
  82  6:27  Observer (Chrono Boost)  
  82  6:28  Probe  
  82  6:36  Void Ray (Chrono Boost)  
  82  6:39  Probe  
  79  6:40  Probe  
  79  6:46  Immortal (Chrono Boost)  
  70  6:51  Probe  
  70  6:53  Probe  
  68  6:55  Void Ray (Chrono Boost)  
  68  7:03  Probe  
  68  7:06  Shield Battery  
  68  7:07  Photon Cannon, Shield Battery  
  73  7:10  Protoss Air Weapons Level 1  
  73  7:12  Void Ray (Chrono Boost)  
  73  7:13  Probe  
  78  7:19  Probe x2  
  80  7:22  Photon Cannon  
  80  7:25  Probe  
  81  7:30  Void Ray (Chrono Boost)  
  81  7:31  Probe  
  81  7:36  Void Ray (Chrono Boost)  
  86  7:38  Pylon  
  86  7:41  Probe  
  86  7:42  Assimilator, Probe  
  92  7:44  Assimilator  
  92  7:47  Probe  
  92  7:48  Pylon  
  93  7:52  Pylon  
  93  7:53  Probe  
  94  7:59  Probe  
  94  8:02  Void Ray (Chrono Boost)  
  99  8:08  Void Ray (Chrono Boost)  
  99  8:09  Probe  
  99  8:11  Photon Cannon  
  99  8:13  Photon Cannon  
  103  8:28  Probe x2  
  103  8:31  Void Ray (Chrono Boost)  
  105  8:40  Void Ray (Chrono Boost)  
  108  8:47  Photon Cannon  
  103  8:56  Probe x2  
  105  9:04  Immortal  
  105  9:05  Probe  
  105  9:06  Void Ray (Chrono Boost)  
  105  9:08  Probe  
  111  9:10  Void Ray (Chrono Boost)  
  111  9:12  Probe  
  108  9:25  Photon Cannon  
  108  9:26  Photon Cannon, Stargate  
  108  9:27  Shield Battery  
  108  9:36  Pylon  
  108  9:42  Void Ray (Chrono Boost), Fleet Beacon  
  108  9:43  Immortal, Void Ray (Chrono Boost)  
  108  9:44  Nexus  
  108  9:45  Pylon  
  119  10:02  Void Ray (Chrono Boost)  
  119  10:09  Nexus  
  119  10:10  Pylon  
  119  10:11  Photon Cannon  
  119  10:13  Photon Cannon  
  123  10:15  Void Ray (Chrono Boost), Pylon  
  123  10:19  Void Ray (Chrono Boost)  
  131  10:22  Photon Cannon  
  131  10:24  Shield Battery  
  131  10:36  Probe  
  136  10:43  Probe  
  136  10:46  Photon Cannon  
  136  10:47  Photon Cannon  
  136  10:49  Shield Battery  
  136  10:56  Void Ray  
  133  11:14  Photon Cannon  
  124  11:28  Cybernetics Core  
  109  11:33  Void Ray  
  100  11:40  Forge  
  100  11:41  Pylon  
  100  11:42  Pylon  
  96  11:49  Nexus  
  96  11:50  Pylon  
  96  12:00  Pylon  
  87  12:22  Stargate  
  87  12:23  Stargate  
  87  12:25  Pylon  
  87  12:27  Photon Cannon  
  87  12:28  Photon Cannon  
  87  12:30  Shield Battery  
  79  12:37  Void Ray  
  79  12:43  Probe  
  84  12:54  Pylon  
  84  12:56  Probe  
  85  13:00  Probe  
  85  13:04  Photon Cannon  
  94  13:17  Probe  
  94  13:21  Stargate  

Tags
 
Add a new tag
Caveats
  • Supply blocks, unpowered buildings, or Contaminate may cause inaccurate times.
  • Supply counts are checked every 10 seconds.